 Dungeon Crawl Stone Soup version 0.21-a0-401-g0b6bec4 (webtiles) character file.

4 riteheju the Stinger (level 1, 0/9 HPs)
             Began as a Spriggan Venom Mage on Oct 25, 2017.
             Succumbed to a kobold's poison
             ... on level 1 of the Dungeon.
             The game lasted 00:01:35 (65 turns).

riteheju the Stinger (Spriggan Venom Mage)            Turns: 65, Time: 00:01:36

Health: 0/9        AC:  2    Str:  4    XL:     1   Next: 50%
Magic:  1/5        EV: 18    Int: 16    God:
Gold:   0          SH:  0    Dex: 16    Spells: 4/5 levels left

rFire    . . .     SeeInvis +   (weapon restricted)
rCold    . . .     Gourm    .   (shield restricted)
rNeg     . . .     Faith    .   a - +0 robe
rPois    .         Spirit   .   (helmet restricted)
rElec    .         Reflect  .   (no cloak)
rCorr    .         Harm     .   (gloves unavailable)
MR       .....                  (boots unavailable)
Stlth    ++........             (no amulet)
HPRegen  0.03/turn              (no ring)
MPRegen  0.09/turn              (no ring)

@: lethally poisoned (0 -> -5), very slightly contaminated, very quick
A: unfitting armour, see invisible, herbivore 3, speed 3, slow metabolism 2
a: no special abilities


You were on level 1 of the Dungeon.
You were completely stuffed.

You visited 1 branch of the dungeon, and saw 1 of its levels.

Inventory:

Armour
 a - a +0 robe (worn)
Books
 b - a Young Poisoner's Handbook

   Spells                             Type                      Level
   a - Sting                          Conjuration/Poison           1
   b - Poisonous Vapours              Poison/Air                   2
   c - Mephitic Cloud                 Conjuration/Poison/Air       3
   d - Olgreb's Toxic Radiance        Poison                       4
   e - Venom Bolt                     Conjuration/Poison           5
Comestibles
 c - a bread ration


   Skills:
 + Level 3.0 Dodging
 + Level 3.0 Stealth
 + Level 2.8 Spellcasting
 + Level 0.6 Conjurations
 + Level 3.2 Poison Magic


You had 4 spell levels left.
You knew the following spells:

 Your Spells              Type           Power        Failure   Level  Hunger
a - Sting                 Conj/Pois      #...         9%          1    #......


Dungeon Overview and Level Annotations

Branches:
Dungeon (1/15)

Altars:


Innate Abilities, Weirdness & Mutations

You are very small and have problems with some larger weapons.
You are too small for most types of armour.
You have supernaturally acute eyesight. (SInv)
You are a herbivore.
You cover ground extremely quickly.
You need consume almost no food.


Message History

Aim: a kobold, wielding a short sword of venom (moderately wounded)
The sting hits the kobold.
The kobold is poisoned.
You kill the kobold!
You feel sick.
You feel sick.
Things that are here:
a short sword of venom; a kobold corpse
There is a lethal amount of poison in your body!
There is a lethal amount of poison in your body!
Things that are here:
a short sword of venom; a kobold corpse You eat one of the 2 bread rations.
That bread ration really hit the spot!
* * * LOW HITPOINT WARNING * * *
You feel sick.
Things that are here:
a short sword of venom; a kobold corpse
* * * LOW HITPOINT WARNING * * *
You feel sick.
You see here a leopard gecko corpse.
You die...

# #..# .###.####..####
#...# .....#........#
#...#
..............###...#
.#####.<............#
#........###...#
###..##### #...#
###########..#######...#
......$@.....(.........#
............†..).......#
#######)################
.... ###... ..##. .## ##
.. .#


There were no monsters in sight!

Vanquished Creatures
  A leopard gecko (D:1)
  2 kobolds (D:1)
3 creatures vanquished.

Notes
Turn   | Place    | Note
-------+----------+-------------------------------------------
     0 | D:1      | riteheju the Spriggan Venom Mage began the quest for the Orb.
     0 | D:1      | Reached XP level 1. HP: 9/9 MP: 5/5
    65 | D:1      | Succumbed to a kobold's poison

Vault maps used:
D:1:      dpeg_arrival_boxes_within_box, minmay_misc_feat_square,
          roderic_serpentine_path, hangedman_decor_push, minmay_misc_feat_five

Action                   || total
-------------------------++-------
Melee: Unarmed           ||     3
 Cast: Sting             ||     5
  Eat: Bread ration      ||     1
Armor: Robe              ||     1
Dodge: Dodged            ||     4

Table legend:
 A = Spawn XP
 B = Non-spawn XP
 C = Spawn XP percentage of total XP
 D = Spawn monster count
 E = Non-spawn monster count
 F = Spawn count percentage of total count
 G = Total turns spent on level
                    A         B        C        D         E        F      G
               +---------+---------+-------+---------+---------+-------+---------
         Total |       0 |       6 |   0.0 |       0 |       3 |   0.0 |    65
               +---------+---------+-------+---------+---------+-------+---------
           D:1 |       0 |       6 |   0.0 |       0 |       3 |   0.0 |    65
               +---------+---------+-------+---------+---------+-------+---------
